 Dungeon Crawl Stone Soup version 0.13-a0-2923-g04ac8d1 (webtiles) character file.

478 Econoterrorist the Chopper (level 6, -7/53 HPs)
             Began as a Minotaur Fighter on Sept 2, 2013.
             Mangled by a gnoll
             ... wielding a +0,+0 spear
              (9 damage)
             ... on Level 3 of the Dungeon.
             The game lasted 00:16:13 (1947 turns).

Econoterrorist the Chopper (Minotaur Fighter)       Turns: 1947, Time: 00:16:13

HP  -7/53        AC  9     Str 21      XL: 6   Next: 46%
MP   2/2         EV  8     Int  5      God:
Gold 97          SH 20     Dex 11      Spells:  0 memorised,  5 levels left

Res.Fire  : . . .   See Invis. : .   a - +0 hand axe {=f}
Res.Cold  : . . .   Warding    : .   q - +3 orc ring mail {rN+}
Life Prot.: + . .   Conserve   : .   c - +0 shield
Res.Poison: .       Res.Corr.  : .   (helmet restricted)
Res.Elec. : .       Clarity    : .   (no cloak)
Sust.Abil.: . .     Spirit.Shd : .   (no gloves)
Res.Mut.  : .       Stasis     : .   (no boots)
Res.Rott. : .       Flight     : .   (no amulet)
Saprovore : . . .                    (no ring)
                                     (no ring)

@: very slightly contaminated, hasted, very quick, slightly resistant to hostile
enchantments, extremely unstealthy
A: retaliatory headbutt, horns 2
a: no special abilities


You were on level 3 of the Dungeon.
You were hungry.

You visited 1 branch of the dungeon, and saw 3 of its levels.

You collected 77 gold pieces.

Inventory:

Hand weapons
 a - a +0,+0 hand axe (weapon) {=f}
 p - a cursed -2,-1 orcish hand axe (quivered)
Armour
 c - a +0 shield (worn)
 q - a +3 orcish ring mail of positive energy (worn)
Comestibles
 d - 3 bread rations
 j - 12 strawberries
 m - a pear
 o - a choko
Scrolls
 e - a scroll of curse jewellery {unknown}
 f - 2 scrolls of identify {unknown}
 g - 3 scrolls of remove curse {unknown}
 h - 2 scrolls of blinking {unknown}
 k - a scroll of enchant weapon I {unknown}
 l - a scroll of noise {unknown}
Books
 n - a book of Wizardry

   Spells                             Type                      Level
   Summon Elemental                   Summoning                    4
   Agony                              Necromancy                   5
   Force Lance                        Conjuration                  5
   Fireball                           Conjuration/Fire             5
   Haste                              Charms                       6
   Invisibility                       Hexes                        6


   Skills:
 + Level 4.4 Fighting
 - Level 6.0 Axes
 + Level 5.0 Armour
 - Level 1.2 Dodging
 + Level 5.0 Shields


You had 5 spell levels left.
You didn't know any spells.

Dungeon Overview and Level Annotations

Branches:
Dungeon (3/27)

Altars:


Innate Abilities, Weirdness & Mutations

You reflexively headbutt those who attack you in melee.
You have a pair of horns on your head.


Message History

You hit the big kobold. You headbutt the big kobold!
The big kobold is almost dead.
You closely miss the big kobold.
The big kobold is almost dead.
The big kobold hits you but does no damage.
You hit the big kobold.
You kill the big kobold!
Your Shields skill increases to level 5!
You barely miss the gnoll.
The gnoll picks up an orcish dagger.
The gnoll hits you from afar with a spear!
* * * LOW HITPOINT WARNING * * *
You hit the gnoll.
The gnoll is lightly wounded.
You hit the gnoll. You headbutt the gnoll!
You kill the gnoll!
Your Armour skill increases to level 5!
You block the gnoll's attack.
You hit the kobold but do no damage.
The gnoll hits you from afar with a spear!
You die...

##### #...########
#### #...#%((.(.##
##...
#)@.#..(....###....
##K##..((....#.....
#g(.....(...#.....
#....(...((('.....
#(%.........#....(
#%##.(......#.....
$$$#.......###..(.
#$$$#......## ##...
#$$$######## ####


You could see a gnoll and a kobold.

Vanquished Creatures
  3 big kobolds (D:3)
  An orc wizard (D:3)
  2 gnolls (D:3)
  2 adders
  A worm (D:3)
  3 giant geckos (D:2)
  5 orcs (D:3)
  11 bats
  3 giant cockroaches (D:2)
  9 goblins
  6 hobgoblins
  17 jackals
  29 kobolds
  A quokka (D:2)
  3 giant newts
  2 rats
98 creatures vanquished.

Notes
Turn   | Place    | Note
--------------------------------------------------------------
     0 | D:1      | Econoterrorist, the Minotaur Fighter, began the quest for the Orb.
     0 | D:1      | Reached XP level 1. HP: 19/19 MP: 0/0
    98 | D:1      | Reached skill level 1 in Dodging
   200 | D:1      | Reached XP level 2. HP: 26/26 MP: 0/0
   921 | D:1      | Reached XP level 3. HP: 33/33 MP: 1/1
   994 | D:2      | Reached skill level 4 in Axes
  1248 | D:2      | Reached XP level 4. HP: 27/39 MP: 1/1
  1249 | D:2      | Reached skill level 5 in Axes
  1729 | D:3      | Reached skill level 6 in Axes
  1772 | D:3      | Reached XP level 5. HP: 33/46 MP: 1/1
  1897 | D:3      | Noticed a big kobold
  1897 | D:3      | Noticed a big kobold
  1897 | D:3      | Noticed a big kobold
  1910 | D:3      | Killed a big kobold
  1918 | D:3      | Killed a big kobold
  1918 | D:3      | Reached XP level 6. HP: 21/53 MP: 2/2
  1943 | D:3      | Killed a big kobold
  1943 | D:3      | Reached skill level 5 in Shields
  1944 | D:3      | HP: 1/53 [gnoll/spear (8)]
  1946 | D:3      | Reached skill level 5 in Armour
  1947 | D:3      | Mangled by a gnoll

Action                   |  1- 3 |  4- 6 || total
-------------------------+-------+-------++-------
Melee: Hand axe          |   144 |   122 ||   266
  Use: Potion            |       |     2 ||     2
